 Dungeon Crawl Stone Soup version 0.26.0-16-gc1dbca0489 (webtiles) character file.

Game seed: 1196773451096302932

6524 littlecub the Fighter (level 10, -3/66 HPs)
             Began as a Demonspawn Fighter on Jan 19, 2021.
             Was a High Priest of Okawaru.
             Killed from afar by a guardian serpent (12 damage)
             ... with a bolt of poison
             ... on level 2 of the Abyss.
             The game lasted 00:21:01 (11422 turns).

littlecub the Fighter (Demonspawn Fighter)         Turns: 11422, Time: 00:21:02

Health: -3/66      AC: 21    Str: 25    XL:     10   Next: 69%
Magic:  12/12      EV:  5    Int: 10    God:    Okawaru [*****.]
Gold:   467        SH: 10    Dex:  9    Spells: 9/9 levels left

rFire    . . .     SeeInvis .   a - +0 flail
rCold    . . .     Faith    .   c - +0 kite shield
rNeg     . . .     Spirit   .   q - +0 plate armour
rPois    .         Reflect  .   u - +1 hat
rElec    .         Harm     .   H - +0 cloak
rCorr    .         Rampage  .   (no gloves)
Will     .....                  (no boots)
Stlth    ..........             (no amulet)
HPRegen  0.21/turn              y - +6 ring of strength
MPRegen  0.13/turn              n - +4 ring of protection

@: lethally poisoned (-3 -> -11)
A: horns 2, icy blue scales 1, [clumsy 2], [frail 2], foul stench 1, [low mp 2],
[screaming 2], miasma immunity, [subdued magic 2]
a: Renounce Religion, Heroism, Finesse


You were on level 2 of the Abyss.
You worshipped Okawaru.
Okawaru was extremely pleased with you.
You visited 1 branch of the dungeon, and saw 11 of its levels.
You visited the Abyss 1 time.

You collected 557 gold pieces.
You spent 90 gold pieces at shops.

Inventory:

Hand Weapons
 a - a +0 flail (weapon)
 I - the cursed +1 scythe of Manaug {vorpal, rF+ Int-2 Stlth+, unknown}
   (You found it on level 2 of the Abyss)

   It inflicts extra damage upon your enemies.
   It affects your intelligence (-2).
   It protects you from fire.
   It makes you more stealthy.
   It has a curse placed upon it.
Missiles
 e - 5 javelins
 g - 10 curare-tipped darts (quivered)
Armour
 c - a +0 kite shield (worn)
 q - a +0 plate armour (worn)
 u - a +1 hat (worn)
 H - a +0 cloak (worn)
Jewellery
 n - a +4 ring of protection (right hand)
 y - a +6 ring of strength (left hand)
 J - an uncursed ring of stealth {unknown}
Wands
 o - a wand of paralysis (10)
 A - a wand of flame (8)
 B - a wand of acid (12)
 F - a wand of disintegration (10)
Scrolls
 f - 3 scrolls of blinking
 h - 7 scrolls of immolation
 i - 9 scrolls of remove curse
 l - 3 scrolls of teleportation
 m - a scroll of enchant weapon
 p - 3 scrolls of fog
 r - 2 scrolls of enchant armour
 s - 2 scrolls of magic mapping
 v - 2 scrolls of amnesia
 C - 5 scrolls of identify
Potions
 b - 2 potions of brilliance {unknown}
 d - 2 potions of resistance {unknown}
 j - 2 potions of flight {unknown}
 k - 2 potions of curing
 t - a potion of attraction {unknown}
 w - 3 potions of heal wounds {unknown}
 x - a potion of mutation {unknown}
 z - a potion of ambrosia {unknown}
 D - a potion of invisibility {unknown}
 G - a potion of degeneration {unknown}
Miscellaneous
 E - a condenser vane


   Skills:
 * Level 9.4 Fighting
 * Level 8.3 Maces & Flails
 + Level 6.3 Armour
 + Level 6.3 Shields
 + Level 7.4 Invocations


You had 9 spell levels left.
You didn't know any spells.
Your spell library contained the following spells:

 Spells                   Type           Power        Failure   Level
 Animate Skeleton         Necr           0%           100%        1
 Pain                     Necr           0%           100%        1
 Summon Small Mammal      Summ           0%           100%        1
 Call Imp                 Summ           0%           100%        2
 Call Canine Familiar     Summ           0%           100%        3
 Confusing Touch          Hex            0%           100%        3
 Gell's Gravitas          Tloc           0%           100%        3
 Summon Guardian Golem    Hex/Summ       0%           100%        3
 Vampiric Draining        Necr           0%           100%        3
 Animate Dead             Necr           0%           100%        4
 Petrify                  Tmut/Erth      0%           100%        4
 Summon Ice Beast         Ice/Summ       0%           100%        4
 Summon Lightning Spire   Summ/Air       0%           100%        4
 Agony                    Necr           0%           100%        5
 Metabolic Englaciation   Hex/Ice        0%           100%        5
 Yara's Violent Unravell  Hex/Tmut       0%           100%        5


Dungeon Overview and Level Annotations

Branches:
Dungeon (11/15)            Temple (0/1) D:4            Lair (0/6) D:10
    Orc: D:9-12

Altars:
Ashenzari
Dithmenos
Fedhas
Gozag
Hepliaklqana
Kikubaaqudgha
Nemelex Xobeh
Okawaru
Sif Muna
Uskayaw
Wu Jian
Xom
Zin
The Shining One

Shops:
D:10 (

Annotations:
D:6 3 runed translucent doors, Gadfly's ghost, novice GnWn; Mahakala's ghost, novice KoEn; Sweebthomas's ghost, novice OpBr; boopsy's ghost, novice DDSu; teolandon225's ghost, novice HOMo
D:10 exclusion: oklob plant, Psyche; Sonja
D:11 Josephine


Innate Abilities, Weirdness & Mutations

You have a pair of horns on your head.
You are partially covered in icy blue scales. (AC +2)
You may emit foul miasma when damaged in melee.
You are immune to miasma.
[You are very clumsy. (Dex -4)]
[You are very frail. (-20% HP)]
[Your magical capacity is very low. (-20% MP)]
[You sometimes yell uncontrollably at your foes.]
[Your spells are easier to cast, but less powerful.]


Message History

You feel clumsy. x2; Your connection to magic feels subdued.
Your connection to magic feels more subdued.
The wretched star pulses with an eldritch light!
You feel less energetic. x2
The guardian serpent coils itself and waves its upper body at you.
You resist with significant effort.
You feel like a meek peon again.
The guardian serpent coils itself and waves its upper body at you.
The naga mage blinks into view!
The white imp blinks!
The wretched star pulses with an eldritch light!
You feel the urge to shout.
You feel a strong urge to yell.
You feel frail. x2
Blink to where?
Press: ? - help, Dir - move target
As you read the scroll of blinking, it crumbles to dust.
The guardian serpent casts a spell at you.
You resist with significant effort.
The guardian serpent casts a spell at you.
The bolt of poison hits you!
You are poisoned.
You die...

... ....#.. .. ...
.## ...###...###...
... .....#.....#...
.............[....
..................
.................. .
#...N.#.....# ...
##..X###.§.###...
.#...u.#X.S@.#...
.........u...........
...................
..............$......
...#.....#.....#..>..
. ###...###...###...#
..#.....#5.*[.#.....
.......§N..........
.................


You could see a green very ugly thing, a wretched star, a large abomination, a
guardian serpent, a naga mage (sick) and a white imp.

Vanquished Creatures
  A two-headed ogre (D:9)
  An unseen horror (D:10)
  Joseph (D:7)
  A centaur zombie (D:10)
  Prince Ribbit (D:6)
  A shadow (D:10)
  2 wraiths (D:10)
  2 small abominations (Abyss:2)
  4 orc warriors
  An ice beast (D:10)
  3 sky beasts
  3 phantoms
  6 ogres
  3 centaurs
  A big kobold (D:9)
  5 bullfrogs
  4 scorpions
  2 howler monkeys (D:6)
  A bullfrog zombie (D:7)
  3 hounds
  A quasit (D:7)
  2 jellies
  8 orc priests
  9 orc wizards
  A centaur skeleton (D:9)
  A bullfrog skeleton (D:9)
  2 iguanas
  Natasha (thrice) (D:3)
  5 worker ants
  A hound zombie (D:9)
  3 hound skeletons
  6 gnolls
  2 river rats (D:4)
  10 adders
  A shadow imp (D:5)
  2 white imps
  An ooze (D:3)
  An adder skeleton (D:4)
  3 worms
  5 dart slugs
  2 leopard geckos
  29 orcs
  4 ball pythons
  6 giant cockroaches
  6 goblins
  10 hobgoblins
  8 jackals
  6 quokkas
  A ball python skeleton (D:5)
  5 bats
  4 frilled lizards
  12 kobolds
  8 rats
214 creatures vanquished.

Vanquished Creatures (others)
  A plant (D:10)
1 creature vanquished.

Grand Total: 215 creatures vanquished

Notes
Turn   | Place    | Note
-------+----------+-------------------------------------------
     0 | D:1      | littlecub the Demonspawn Fighter began the quest for the
                  | Orb.
     0 | D:1      | Reached XP level 1. HP: 18/18 MP: 1/1
     0 | D:1      | Noticed a minotaur skeleton
     4 | D:1      | Noticed a spriggan
     7 | D:1      | Noticed an octopode
     8 | D:1      | Noticed a felid
    12 | D:1      | Noticed an ogre
    12 | D:1      | Noticed a minotaur
    16 | D:1      | Noticed a naga
    16 | D:1      | Noticed a formicid
    16 | D:1      | Noticed a minotaur zombie
    18 | D:1      | Noticed a formicid
   334 | D:1      | Gained mutation: You have a pair of small horns on your
                  | head. [demonic ancestry]
   334 | D:1      | Reached XP level 2. HP: 24/24 MP: 2/2
  1029 | D:2      | Gained mutation: You are partially covered in icy blue
                  | scales. (AC +2) [demonic ancestry]
  1029 | D:2      | Reached XP level 3. HP: 29/29 MP: 3/3
  1079 | D:2      | Found a broken altar of Ashenzari.
  1681 | D:2      | Reached XP level 4. HP: 37/37 MP: 4/4
  1857 | D:3      | Found a glowing golden altar of the Shining One.
  1873 | D:3      | Found a shadowy altar of Dithmenos.
  2109 | D:3      | Found an opulent altar of Gozag.
  2188 | D:3      | Noticed Natasha
  2191 | D:3      | Killed Natasha
  2338 | D:3      | Reached skill level 4 in Fighting
  2472 | D:3      | Found an iron altar of Okawaru.
  2493 | D:3      | Reached XP level 5. HP: 29/42 MP: 5/5
  2503 | D:3      | Became a worshipper of Warmaster Okawaru
  2590 | D:3      | Noticed Natasha
  2603 | D:3      | Killed Natasha
  2760 | D:3      | Noticed Natasha
  2765 | D:3      | Killed Natasha
  2888 | D:4      | Found an ancient bone altar of Kikubaaqudgha.
  2973 | D:4      | Noticed an ogre
  2990 | D:4      | Noticed a phantom
  3022 | D:4      | Killed an ogre
  3023 | D:4      | Reached skill level 1 in Invocations
  3023 | D:4      | Gained mutation: You are immune to miasma. [demonic
                  | ancestry]
  3023 | D:4      | Reached XP level 6. HP: 31/49 MP: 6/6
  3049 | D:4      | Reached * piety under Okawaru
  3089 | D:4      | Found a staircase to the Ecumenical Temple.
  3136 | D:4      | Reached skill level 5 in Fighting
  3499 | D:4      | Found a sparkling altar of Nemelex Xobeh.
  3646 | D:4      | Found a shimmering blue altar of Sif Muna.
  3739 | D:4      | Reached XP level 7. HP: 56/56 MP: 8/8
  4010 | D:5      | Entered Level 5 of the Dungeon
  4420 | D:5      | Found a hide-covered altar of Uskayaw.
  4420 | D:5      | Found a blossoming altar of Fedhas.
  4928 | D:6      | Found a runed translucent gate.
  4928 | D:6      | Noticed teolandon225's ghost (novice HOMo)
  4928 | D:6      | Noticed boopsy's ghost (novice DDSu)
  4929 | D:6      | Found a runed translucent gate.
  4929 | D:6      | Found a runed translucent gate.
  4929 | D:6      | Noticed Gadfly's ghost (novice GnWn)
  4929 | D:6      | Noticed Sweebthomas's ghost (novice OpBr)
  4929 | D:6      | Noticed Mahakala's ghost (novice KoEn)
  5438 | D:6      | Noticed Prince Ribbit
  5886 | D:6      | Killed Prince Ribbit
  5886 | D:6      | Reached ** piety under Okawaru
  5887 | D:6      | Reached skill level 6 in Fighting
  5887 | D:6      | Reached skill level 5 in Maces & Flails
  5887 | D:6      | Gained mutation: You may emit foul miasma when damaged in
                  | melee. [demonic ancestry]
  5887 | D:6      | Reached XP level 8. HP: 64/64 MP: 10/10
  6601 | D:7      | Noticed Joseph
  6622 | D:7      | Killed Joseph
  6622 | D:7      | Reached *** piety under Okawaru
  6623 | D:7      | Reached skill level 7 in Fighting
  6623 | D:7      | Gained mutation: You have a pair of horns on your head.
                  | [demonic ancestry]
  6623 | D:7      | Reached XP level 9. HP: 56/72 MP: 12/12
  6810 | D:7      | Found a shimmering altar of Xom.
  6811 | D:7      | Found a hazy altar of Hepliaklqana.
  6812 | D:7      | Noticed a spectral ugly thing
  6949 | D:7      | Reached skill level 5 in Shields
  6949 | D:7      | Reached skill level 5 in Invocations
  7014 | D:7      | Reached skill level 5 in Armour
  7698 | D:8      | Reached **** piety under Okawaru
  7909 | D:8      | Reached skill level 8 in Fighting
  8608 | D:8      | Found an ornate altar of the Wu Jian Council.
  8765 | D:9      | Found an ornate altar of the Wu Jian Council.
  8825 | D:9      | Noticed a two-headed ogre
  8833 | D:9      | Killed a two-headed ogre
  8834 | D:9      | Reached XP level 10. HP: 34/82 MP: 14/14
  9376 | D:9      | Found Zin's Purification Station.
  9377 | D:9      | Found a glowing silver altar of Zin.
  9382 | D:9      | Bought a potion of curing for 90 gold pieces
  9887 | D:10     | Entered Level 10 of the Dungeon
 10268 | D:10     | Noticed Sonja
 10286 | D:11     | Noticed Josephine
 10290 | D:10     | HP: 3/82 [wraith[Josephine] (9)]
 10584 | D:10     | Reached skill level 9 in Fighting
 10799 | D:10     | Killed an unseen horror
 10799 | D:10     | Reached ***** piety under Okawaru
 10947 | D:10     | Found a staircase to the Lair.
 10947 | D:10     | Noticed an oklob plant
 11103 | D:10     | Found Xucux's Antique Weapon Shoppe.
 11104 | D:10     | Noticed Psyche
 11108 | D:10     | Cast into level 1 of the Abyss (Psyche)
 11242 | Abyss:2  | Found a corrupted altar of Lugonu.
 11274 | Abyss:2  | Got a crude scythe
 11346 | Abyss:2  | Noticed a large abomination
 11347 | Abyss:2  | Noticed a rakshasa
 11386 | Abyss:2  | Noticed a large abomination
 11409 | Abyss:2  | Noticed a guardian serpent
 11411 | Abyss:2  | Noticed a naga mage
 11411 | Abyss:2  | Noticed a green very ugly thing
 11411 | Abyss:2  | HP: 4/83 [naga mage (10)]
 11412 | Abyss:2  | Noticed a wretched star
 11422 | Abyss:2  | Killed from afar by a guardian serpent

Illustrated notes

Levels and vault maps discovered:
D:1:      shiori_arrival_whats_in_store_for_you, layout_basic,
          serial_bayou_lagoon_b
D:2:      layout_basic, nicolae_overflow_crystal_walls
D:3:      layout_basic, old_standard_altar, overflow_temple_1_default,
          lemuel_crystal_altar, okawaru_altar_gauntlet_db, uniq_natasha
D:4:      layout_basic, kennysheep_mini_moat, kennysheep_mini,
          lemuel_doored_altar, minmay_temple_entry_mist, portal_sewer_entry_e
D:5:      layout_rooms, gammafunk_temple_overflow_wave
D:6:      layout_basic, gammafunk_ghost_cemetery, uniq_prince_ribbit1
D:7:      layout_gridville, regret_index_temple_of_mockery, corner_web_ring,
          uniq_joseph
D:8:      layout_loops_ring, nzn_wu_jian_council_hall, kennysheep_potato
D:9:      layout_loops_corners, zin_purify, basic_altar
D:10:     layout_stronghold, dpeg_oklobed_lair, serial_shops, shop, uniq_sonja,
          uniq_psyche
D:11:     layout_basic, orc_0_dummy, uniq_snorg, uniq_nergalle, uniq_josephine
Abyss:2:  base: D:8, hangedman_abyss_feature_spike, bh_abyss_exit_grid

Skill      XL: |  1  2  3  4  5  6  7  8  9 10 |
---------------+-------------------------------+-----
Maces & Flails | 2 3 4 5 6 7 8 |  8.3
Shields        | 3 4 5 6 |  6.3
Armour         | 3 4 5 6 |  6.3
Fighting       | 4 5 6 7 8 9 |  9.4
Invocations    | 1 2 3 4 6 7 |  7.4

Action                   |  1- 3 |  4- 6 |  7- 9 | 10-12 || total
-------------------------+-------+-------+-------+-------++-------
Melee: Flail             |    94 |   181 |   378 |   162 ||   815
       Headbutt          |    11 |    38 |    92 |    51 ||   192
Throw: Javelin           |       |       |    12 |       ||    12
Invok: Heroism           |       |       |     1 |     1 ||     2
       Finesse           |       |       |       |     1 ||     1
Evoke: Wand              |       |       |     1 |       ||     1
  Use: Scroll            |     4 |     5 |     3 |     6 ||    18
       Potion            |       |     1 |       |     6 ||     7
 Stab: Paralysed         |       |       |     3 |       ||     3
Armor: Plate armour      |    60 |   149 |   259 |   105 ||   573
       Scale mail        |     1 |       |       |       ||     1
Dodge: Dodged            |     7 |    22 |    73 |    33 ||   135
Block: Kite shield       |    53 |   101 |   202 |    94 ||   450
